 Dungeon Crawl Stone Soup version 0.29.1-1-gd02db6906a (webtiles) character file.

Game seed: 638948998354154995

441 Brecoman the Sneak (level 7, 0/43 (46) HPs)
             Began as an Octopode Brigand on Oct 18, 2022.
             Was an Initiate of Ashenzari.
             Slain by a wight
             ... wielding a +7 great sword
              (12 damage)
             ... on level 4 of the Dungeon.
             The game lasted 00:21:41 (3742 turns).

Brecoman the Sneak (Octopode Brigand)               Turns: 3742, Time: 00:21:41

HP:   0/43 (46)     AC:  1    Str: 10    XL:     7   Next: 2%
MP:   0/7           EV: 12    Int: 13    God:    Ashenzari [......]
Gold: 187           SH:  8    Dex: 16    Spells: 6/6 levels left

rFire   . . .      SeeInvis .   r - +3 short sword
rCold   . . .      Faith    .   n - +0 kite shield
rNeg    . . .      Spirit   +   (helmet restricted)
rPois   .          Reflect  .   t - amulet of guardian spirit
rElec   .          Harm     .   (no ring)
rCorr   .          Rampage  .   (no ring)
Will    .....                   (no ring)
Stlth   ++++......              (no ring)
HPRegen 0.14/turn               (no ring)
MPRegen 0.10/turn               (no ring)
                                (no ring)
                                (no ring)

@: mighty, drained
A: almost no armour, amphibious, 8 rings, camouflage 1, gelatinous body 1,
(nimble swimmer 1), tentacles
a: Renounce Religion


You were on level 4 of the Dungeon.
You worshipped Ashenzari.
Ashenzari was noncommittal.
You visited 1 branch of the dungeon, and saw 4 of its levels.

You collected 187 gold pieces.

Inventory:

Hand Weapons
 a - a +2 dagger
 r - a +3 short sword (weapon)
Missiles
 b - 13 poisoned darts
 c - 2 curare-tipped darts
 f - 48 stones
 p - 2 boomerangs (quivered)
Armour
 n - a +0 kite shield (worn)
Jewellery
 t - an amulet of guardian spirit (around mantle)
Scrolls
 e - a scroll of enchant armour {unknown}
 g - a scroll of poison {unknown}
 i - 3 scrolls of identify {unknown}
 k - a scroll of vulnerability {unknown}
 m - 2 scrolls of enchant weapon {unknown}
 s - a scroll of teleportation {unknown}
 w - a scroll of fear {unknown}
Potions
 d - a potion of haste {unknown}
 h - a potion of magic {unknown}
 j - 3 potions of curing
 l - a potion of cancellation {unknown}
 o - a potion of might
 q - a potion of brilliance {unknown}
 u - a potion of flight {unknown}
 v - a potion of attraction {unknown}
 x - a potion of degeneration {unknown}


   Skills:
 + Level 3.4 Fighting
 + Level 3.3 Short Blades
 + Level 3.6 Throwing
 + Level 2.8 Dodging
 + Level 6.8 Stealth
 + Level 2.1 Shields


You had 6 spell levels left.
You didn't know any spells.
Your spell library contained the following spells:

 Spells                   Type           Power      Damage    Failure   Level
 Scorch                   Fire           0%         2d5       83%         2
 Flame Wave               Conj/Fire      0%         2d4       100%        4
 Summon Cactus Giant      Summ           0%         N/A       100%        6


Dungeon Overview and Level Annotations

Branches:
Dungeon (4/15)
 Temple: D:4-7

Altars:
Ashenzari
Fedhas
Sif Muna
Wu Jian
Yredelemnul


Innate Abilities, Weirdness & Mutations

You cannot wear most types of armour.
You are amphibious.
You can wear up to eight rings at the same time.
Your skin changes colour to match your surroundings (Stealth+).
Your rubbery body absorbs attacks. (AC +1, EV +1)
((You are camouflaged when in or above water. (Stealth+)))
You have tentacles for arms and can constrict up to eight enemies at once.


Message History

The ufetubus is severely wounded.
The ufetubus misses you. The ufetubus barely misses you.
You closely miss the ufetubus. You grab the ufetubus.
Your squeeze misses the ufetubus.
The ufetubus is severely wounded.
You constrict the ufetubus, but do no damage.
The ufetubus misses you. The ufetubus hits you.
You block the ufetubus's attack. x2
You hit the ufetubus.
You kill the ufetubus!
b - 12 poisoned darts (gained 1)
Found 5 stones and a mace.
b - 13 poisoned darts (gained 1) 2 wights come into view.
Found 9 gold pieces.
Found a stone staircase leading up.
Throw: 2 boomerangs
Press: ? - help, Q - select action, (/) - cycle Shift-Dir - straight line, f - wight
Aim: a wight, wielding a +7 great sword and wearing a +0 robe (62% to hit)
You throw a boomerang. The boomerang barely misses the wight.
Throw: 2 boomerangs
Press: ? - help, Q - select action, (/) - cycle Shift-Dir - straight line, f/p - wight
Aim: a wight, wielding a +7 great sword and wearing a +0 robe (62% to hit)
You throw a boomerang. The boomerang closely misses the wight.
The wight attacks as you move away!
The wight hits you with a +7 great sword!
You feel drained.
Okay, then.
Okay, then.
Okay, then.
It was a potion of curing.
You feel better.
The wight hits you with a +7 great sword!
You feel drained.
It was a potion of might.
You feel very mighty all of a sudden.
The wight hits you with a +7 great sword!
* * * LOW HITPOINT WARNING * * *
The wight attacks as you move away! The wight barely misses you.
The wight attacks as you move away!
The wight hits you with a +7 great sword!
You die...

..##..##.............#...........
.....)...# ##........#...........
.(...#### #.........#......>....
.<.#....# #....>....#...........
..##....####.....................
.. #....##...........#.......#...
. #.................#.......#...
####.......#.........#.......#...
........##.....z@............####
####....####.........#...........
#....# #.........####.###....
#....# #.........# #...#....
#....# ##.......## ###......
###### ##.....## ###.... #######
#.... #.... #....


You could see a wight.

Vanquished Creatures
  Grinder (D:4)
  A scorpion (D:4)
  An iguana (D:4)
  Robin (D:2)
  9 adders
  An ufetubus (D:4)
  4 dart slugs
  4 ball pythons
  5 endoplasms
  4 giant cockroaches
  11 goblins
  7 hobgoblins
  2 jackals (D:1)
  2 quokkas
  4 bats
  5 frilled lizards
  4 kobolds
  4 rats
70 creatures vanquished.

Notes
Turn   | Place    | Note
-------+----------+-------------------------------------------
     0 | D:1      | Brecoman the Octopode Brigand began the quest for the Orb.
     0 | D:1      | Reached XP level 1. HP: 14/14 MP: 1/1
    79 | D:1      | Reached XP level 2. HP: 16/19 MP: 2/2
   227 | D:1      | Found a faded altar of an unknown god.
   602 | D:1      | Reached XP level 3. HP: 13/24 MP: 3/3
  1381 | D:2      | Reached XP level 4. HP: 30/30 MP: 4/4
  1438 | D:2      | Noticed Robin
  1447 | D:2      | Killed Robin
  1852 | D:2      | Reached skill level 6 in Stealth
  2182 | D:3      | Found a blossoming altar of Fedhas.
  2182 | D:3      | Found an ornate altar of the Wu Jian Council.
  2182 | D:3      | Found a shimmering blue altar of Sif Muna.
  2244 | D:3      | Reached XP level 5. HP: 35/35 MP: 5/5
  2281 | D:3      | Reached skill level 1 in Shields
  2493 | D:3      | Found a basalt altar of Yredelemnul.
  2670 | D:4      | Found a broken altar of Ashenzari.
  2678 | D:4      | Noticed Grinder
  2875 | D:4      | Paralysed by Grinder for 5 turns
  3217 | D:4      | Paralysed by Grinder for 4 turns
  3222 | D:4      | Killed Grinder
  3223 | D:4      | Reached XP level 6. HP: 30/42 MP: 4/6
  3438 | D:4      | Became a worshipper of Ashenzari the Shackled
  3518 | D:4      | Reached XP level 7. HP: 26/46 MP: 4/7
  3742 | D:4      | Slain by a wight

Illustrated notes

Levels and vault maps discovered:
D:1:      psy_arrival_dodecagon, layout_loops_ring,
          ebering_ecumenical_altar_mist
D:2:      layout_basic, supply_closet_lemuel, uniq_robin
D:3:      layout_rooms, gammafunk_temple_overflow_claw,
          nicolae_overflow_hidden_temple, ebering_dispersal_statue_hall
D:4:      layout_rooms, nicolae_ashenzari_panopticon, uniq_grinder,
          uniq_crazy_yiuf_cottage

Skill      XL: |  1  2  3  4  5 |
---------------+----------------+-----
Stealth        | 6 |  6.8
Dodging        | 2 |  2.8
Shields        | 2 |  2.1
Fighting       | 3 |  3.4
Short Blades   | 3 |  3.3
Throwing       | 3 |  3.6

Action                   |  1- 3 |  4- 6 |  7- 9 || total
-------------------------+-------+-------+-------++-------
Melee: Dagger            |    45 |    27 |       ||    72
       Constrict         |    10 |    15 |     1 ||    26
       Tentacles         |     6 |     8 |     1 ||    15
       Punch             |     1 |       |       ||     1
       Short sword       |       |    32 |     5 ||    37
Throw: Dart              |    29 |     9 |     3 ||    41
       Stone             |    15 |       |       ||    15
       Boomerang         |       |    79 |     2 ||    81
  Use: Potion            |       |       |     2 ||     2
 Stab: Sleeping          |     5 |       |       ||     5
Armor: Skin              |     5 |     3 |       ||     8
Dodge: Dodged            |    19 |    25 |     7 ||    51
Block: Kite shield       |       |    14 |     5 ||    19
